 Dungeon Crawl Stone Soup version 0.30.1-3-gfc49f6343a (webtiles) character file.

Game seed: 1710457404891122751

427 Cheops the Ruffian (level 6, -2/59 HPs)
             Began as a Troll Fighter on July 21, 2023.
             Slain by a gnoll
             ... wielding a +0 whip
             ... led by a gnoll bouda
              (4 damage)
             ... on level 4 of the Dungeon.
             The game lasted 00:05:04 (3124 turns).

Cheops the Ruffian (Troll Fighter)                  Turns: 3124, Time: 00:05:04

Health: -2/59      AC:  4    Str: 25    XL:     6   Next: 65%
Magic:  5/5        EV:  8    Int:  6    God:
Gold:   130        SH:  7    Dex:  9    Spells: 5/5 levels left

rFire   . .          .
                       - Unarmed
rCold   . . .        b - +0 kite shield
rNeg    . . .        a - +0 robe
rPois   .            (helmet restricted)
rElec   .            (no cloak)
rCorr   .            (gloves unavailable)
SInv    .            (boots unavailable)
Will    .....        (no amulet)
Stlth   +            (no ring)
HPRegen 1.09/turn    (no ring)
MPRegen 0.09/turn

%: no passive effects
@: no status effects
A: large, unfitting armour, claws 3, regeneration 1, shaggy fur 1, tough skin 1
a: no special abilities


You were on level 4 of the Dungeon.
You visited 1 branch of the dungeon, and saw 5 of its levels.

You collected 207 gold pieces.
You spent 77 gold pieces at shops.

Inventory:

Hand Weapons
 n - a +2 dagger of venom
Armour
 a - a +0 robe (worn)
 b - a +0 kite shield (worn)
 o - an orb of light
Wands
 q - a wand of quicksilver (4)
 v - a wand of flame (9)
Scrolls
 e - 2 scrolls of fear {unknown}
 f - a scroll of summoning {unknown}
 h - a scroll of poison {unknown}
 k - a scroll of noise {unknown}
 m - 6 scrolls of identify {unknown}
 r - a scroll of blinking {unknown}
 s - 2 scrolls of magic mapping {unknown}
 t - a scroll of immolation {unknown}
 y - a scroll of enchant armour {unknown}
Potions
 c - 2 potions of might
 d - a potion of attraction {unknown}
 g - a potion of flight {unknown}
 i - a potion of lignification {unknown}
 j - 3 potions of curing
 l - a potion of ambrosia {unknown}
 p - a potion of mutation {unknown}
 u - 2 potions of invisibility {unknown}
 w - a potion of cancellation {unknown}
 x - a potion of heal wounds {unknown}
 z - 3 potions of resistance {unknown}


   Skills:
 - Level 2.4 Fighting
 - Level 2.4 Dodging
 - Level 2.6 Shields
 * Level 7.2 Unarmed Combat


You had 5 spell levels left.
You didn't know any spells.
Your spell library was empty.

Dungeon Overview and Level Annotations

Branches:
Dungeon (5/15)
 Temple: D:4-7

Altars:
Ashenzari
Dithmenos

Shops:
D:2 *

Annotations:
D:4 3 runed translucent doors, booth's ghost, novice DsGl


Innate Abilities, Weirdness & Mutations

You are too large for most types of armour.
You have claws for hands.
Your natural rate of healing is unusually fast.
You are covered in fur. (AC +1)
You have tough skin. (AC +1)


Message History

You are too injured to fight recklessly!
You are too injured to fight recklessly!
You are too injured to fight recklessly!
You are too injured to fight recklessly!
You are too injured to fight recklessly!
You are too injured to fight recklessly!
You are too injured to fight recklessly!
You are too injured to fight recklessly!
You are too injured to fight recklessly!
You are too injured to fight recklessly!
You block the gnoll's attack. The gnoll hits you with a +0 whip.
The gnoll bouda hits you with a +0 club!
* * * LOW HITPOINT WARNING * * *
The gnoll barely misses you.
You climb upwards.
Level annotation: 3 runed translucent doors, booth's ghost, novice DsGl
There is a stone staircase leading down here.
You barely miss the gnoll bouda.
The gnoll bouda is heavily wounded.
The gnoll hits you with a +0 whip.
* * * LOW HITPOINT WARNING * * *
You block the gnoll's attack.
The gnoll bouda hits you with a +0 club!
* * * LOW HITPOINT WARNING * * *
You barely miss the gnoll bouda.
The gnoll bouda is heavily wounded.
You block the gnoll's attack. The gnoll barely misses you.
The gnoll bouda closely misses you.
You scratch the gnoll bouda.
The gnoll bouda is almost dead.
The gnoll hits you with a +0 whip!
* * * LOW HITPOINT WARNING * * *
The gnoll bouda hits you with a +0 club.
* * * LOW HITPOINT WARNING * * *
The gnoll hits you with a +0 whip.
* * * LOW HITPOINT WARNING * * *
You claw the gnoll bouda!
You kill the gnoll bouda!
The gnoll hits you with a +0 whip.
You die...

####### ### #.....####
#.#####.###....# .#......#
#.##.#######
#.#####.###.##.#.....#
..#####........#g....#
............)..g@....##########
..######.###.....)............#
..# #.# #..##.....#.######.#
..# #.###..########.# #.# ..#
#.##...# #.# #.# ..### #.##.#.#
#.# #.# ....####.##.#.# #.# #.#
..#......<#.#.# ###.# #.#
..............# #...# #.#


You could see 2 gnolls.

Vanquished Creatures
  An ogre (D:4)
  Blork the orc (D:4)
  A gnoll bouda (D:4)
  3 iguanas
  Ijyb (D:3)
  Natasha (thrice) (D:3)
  2 adders
  An ufetubus (D:4)
  A worm (D:3)
  3 dart slugs
  4 bats
  3 endoplasms
  3 giant cockroaches
  9 goblins
  5 hobgoblins
  6 jackals (D:4)
  6 kobolds
  3 quokkas
  9 ball pythons
  6 frilled lizards
  6 rats
77 creatures vanquished.

Notes
Turn   | Place    | Note
-------+----------+-------------------------------------------
     0 | D:1      | Cheops the Troll Fighter began the quest for the Orb.
     0 | D:1      | Reached XP level 1. HP: 22/22 MP: 0/0
    15 | D:1      | Found a faded altar of an unknown god.
   326 | D:1      | Reached XP level 2. HP: 29/29 MP: 1/1
   459 | D:1      | Reached skill level 3 in Unarmed Combat
   828 | D:2      | Reached XP level 3. HP: 36/36 MP: 2/2
   907 | D:2      | Found Ufryph's General Store.
  1475 | D:2      | Bought a potion of curing for 33 gold pieces
  1475 | D:2      | Bought a potion of might for 44 gold pieces
  1543 | D:3      | Reached skill level 4 in Unarmed Combat
  1656 | D:3      | Noticed Ijyb
  1666 | D:3      | Killed Ijyb
  1667 | D:3      | Reached XP level 4. HP: 18/44 MP: 3/3
  1793 | D:3      | Reached skill level 5 in Unarmed Combat
  1834 | D:3      | Noticed Natasha
  1840 | D:3      | Killed Natasha
  1841 | D:3      | Reached XP level 5. HP: 50/50 MP: 4/4
  1845 | D:3      | Noticed Natasha
  1850 | D:3      | Killed Natasha
  1934 | D:3      | Noticed Natasha
  1939 | D:3      | Killed Natasha
  2402 | D:4      | Reached skill level 6 in Unarmed Combat
  2403 | D:4      | Noticed an ogre
  2411 | D:4      | Killed an ogre
  2412 | D:4      | Reached XP level 6. HP: 33/59 MP: 5/5
  2479 | D:4      | Found a broken altar of Ashenzari.
  2548 | D:4      | Noticed Blork the orc
  2555 | D:4      | Killed Blork the orc
  2556 | D:4      | Reached skill level 7 in Unarmed Combat
  2781 | D:4      | Found a shadowy altar of Dithmenos.
  2853 | D:4      | Found a runed translucent gate.
  2853 | D:4      | Found a runed translucent gate.
  2854 | D:4      | Found a runed translucent gate.
  2856 | D:4      | Noticed booth's ghost (novice DsGl)
  3070 | D:5      | Entered Level 5 of the Dungeon
  3123 | D:4      | HP: 1/59 [gnoll/+0 whip[a gnoll bouda] (5)]
  3124 | D:4      | Slain by a gnoll

Illustrated notes

Levels and vault maps discovered:
D:1:      doesnt_arrival_eight_statues, layout_basic,
          shapermc_ecumenical_altar_mp_highgroup
D:2:      layout_loops_cross, serial_shops, shop
D:3:      layout_rooms, uniq_ijyb, uniq_natasha
D:4:      layout_loops_ring, mainiacjoe_overflow_cross_hatched,
          mainiacjoe_overflow_24_doors, gammafunk_ghost_necromancy,
          uniq_blork_the_orc
D:5:      layout_gridville, minmay_temple_entry_glass, serial_shops,
          nicolae_shop_scrapyard, grunt_decor_mini_mirrors

Skill      XL: |  1  2  3  4  5  6 |
---------------+-------------------+-----
Unarmed Combat | 3 4 5 6 7 |  7.2
Fighting       | |  2.4
Dodging        | |  2.4
Shields        | |  2.6

Action                     |  1- 3 |  4- 6 || total
---------------------------+-------+-------++-------
  Melee: Unarmed           |    92 |    94 ||   186
   Stab: Sleeping          |     1 |       ||     1
 Armour: Robe              |    29 |    16 ||    45
  Dodge: Dodged            |    28 |    27 ||    55
  Block: Kite shield       |    20 |    26 ||    46
